 Dungeon Crawl Stone Soup version 0.24.0-123-gd5b16e6ec5 (webtiles) character file.

Game seed: 6721864527786292401, levelgen mode: deterministic

1562 Mevorra the Slinger (level 9, 0/61 HPs)
             Began as a Halfling Hunter on Feb 3, 2020.
             Was a Believer of Nemelex Xobeh.
             Slain by a four-headed hydra (16 damage)
             ... on level 7 of the Dungeon.
             The game lasted 00:38:36 (5143 turns).

Mevorra the Slinger (Halfling Hunter)               Turns: 5143, Time: 00:38:36

Health: 0/61       AC:  9    Str: 12 (13) XL:     9   Next: 13%
Magic:  9/9        EV: 15    Int:  8 (9)  God:    Nemelex Xobeh [**....]
Gold:   272        SH:  0    Dex: 18      Spells: 8/8 levels left

rFire    + . .     SeeInvis .   a - +2 hunting sling
rCold    . . .     Gourm    .   (shield restricted)
rNeg     . . .     Faith    .   w - +2 leather armour {rF+}
rPois    +         Spirit   .   h - +0 helmet
rElec    .         Reflect  .   (no cloak)
rCorr    .         Harm     .   u - +1 pair of gloves
MR       +....                  r - +0 pair of boots
Stlth    ++........             q - amulet of the acrobat
HPRegen  0.20/turn              g - ring of poison resistance
MPRegen  0.11/turn              i - ring of protection from magic

@: no status effects
A: small, blurry vision 1, mutation resistance 1
a: Draw Escape, Draw Destruction, Draw Summoning, Renounce Religion


You were on level 7 of the Dungeon.
You worshipped Nemelex Xobeh.
Nemelex Xobeh was pleased with you.
You were not hungry.

You visited 2 branches of the dungeon, and saw 8 of its levels.

You collected 404 gold pieces.
You spent 132 gold pieces at shops.

Inventory:

Hand Weapons
 a - a +2 hunting sling (weapon)
 v - a +4 flail of holy wrath
Missiles
 k - 78 stones
 o - 11 sling bullets (quivered)
Armour
 h - a +0 helmet (worn)
 r - a +0 pair of boots (worn)
 u - a +1 pair of gloves (worn)
 w - a +2 leather armour of fire resistance (worn)
Jewellery
 g - a ring of poison resistance (left hand)
 i - a ring of protection from magic (right hand)
 q - an amulet of the acrobat (around neck)
Scrolls
 b - 4 scrolls of remove curse
 d - a scroll of magic mapping
 l - 3 scrolls of teleportation
 m - a scroll of amnesia
 n - 3 scrolls of identify
Potions
 e - 4 potions of curing
 s - a potion of resistance
Comestibles
 c - 2 chunks of flesh
 f - 4 rations


   Skills:
 + Level 5.0 Fighting
   Level 0.8 Long Blades
 + Level 13.6 Slings
 + Level 0.8 Armour
 + Level 3.0 Dodging
 - Level 1.1 Stealth


You had 8 spell levels left.
You didn't know any spells.
Your spell library contained the following spells:

 Spells                   Type           Power        Failure   Level  Hunger
 Magic Dart               Conj           #...         50%         1    ##.....
 Blink                    Tloc           N/A          63%         2    ###....
 Call Imp                 Summ           #.......     63%         2    ###....
 Slow                     Hex            #.......     63%         2    ###....
 Conjure Flame            Conj/Fire      #.......     86%         3    ####...
 Mephitic Cloud           Conj/Pois/Air  #.......     86%         3    ####...


Dungeon Overview and Level Annotations

Branches:
Dungeon (7/15)             Temple (1/1) D:4

Altars:
Ashenzari
Cheibriados
Dithmenos
Elyvilon
Fedhas
Gozag
Hepliaklqana
Kikubaaqudgha
Makhleb
Nemelex Xobeh
Okawaru
Qazlal
Ru
Sif Muna
Trog
Uskayaw
Wu Jian
Xom
The Shining One

Shops:
D:5 ?   D:6 *

Annotations:
D:5 5 runed translucent doors


Innate Abilities, Weirdness & Mutations

You are small and have problems with some larger weapons.
You are somewhat resistant to further mutation.
Scrolls take you a little longer to read.


Message History

The four-headed hydra bites you. The four-headed hydra misses you.
Your insubstantial wisp blinks!
Firing (i - inventory. (/) - cycle)
o - 11 sling bullets (quivered)
Press: ? - help, Shift-Dir - straight line, f/p - four-headed hydra
Aim: a four-headed hydra (almost dead)
Okay, then.
You draw a card...
You have drawn the Cloud.
Clouds appear around you!
The four-headed hydra barely misses you. x2
The four-headed hydra bites you.
* * * LOW HITPOINT WARNING * * *
The four-headed hydra bites you.
* * * LOW HITPOINT WARNING * * *
You draw a card...
You have drawn Pain.
Press: ? - help, Shift-Dir - straight line, f/p - four-headed hydra
Aim: a four-headed hydra (almost dead)
The four-headed hydra resists with significant effort.
The four-headed hydra bites you!
You die...
Your body disappears without a glow.

.♣♣♣♣♣♣♣♣###
#(.....(.'(#
#(...(...(.#
.♣♣♣♣♣♣♣♣#(# #☼#
#D# ##@## #######
##.....# ##.....##
## ##....### .#
########..#...#
###..#......##..##
..#..#.......####
........#.....#


You could see a four-headed hydra.

Vanquished Creatures
  A wyvern (D:7)
  2 sky beasts
  3 ogres
  2 phantoms
  A centaur (D:5)
  4 wights (D:6)
  3 crimson imps
  A quasit (D:6)
  A centaur skeleton (D:4)
  An iguana (D:6)
  An orc wizard (D:3)
  2 worker ants (D:5)
  7 adders
  10 gnolls
  A shadow imp (D:6)
  An ooze (D:4)
  An adder skeleton (D:5)
  A worm (D:4)
  6 dart slugs
  2 leopard geckos
  15 orcs
  8 bats
  9 giant cockroaches
  6 goblins
  7 hobgoblins
  2 quokkas
  6 frilled lizards
  4 kobolds
  7 rats
115 creatures vanquished.

Vanquished Creatures (collateral kills)
  A steam dragon (D:6)
  A hound (D:5)
  A hound skeleton (D:7)
  An adder (D:6)
  A white imp (D:6)
  3 giant cockroaches (D:6)
  A quokka zombie (D:6)
9 creatures vanquished.

Grand Total: 124 creatures vanquished

Notes
Turn   | Place    | Note
-------+----------+-------------------------------------------
     0 | D:1      | Mevorra the Halfling Hunter began the quest for the Orb.
     0 | D:1      | Reached XP level 1. HP: 14/14 MP: 1/1
   200 | D:1      | Reached skill level 6 in Slings
   306 | D:1      | Reached XP level 2. HP: 18/19 MP: 2/2
   786 | D:2      | Reached XP level 3. HP: 20/24 MP: 3/3
   794 | D:2      | Reached skill level 7 in Slings
  1010 | D:2      | Reached XP level 4. HP: 29/29 MP: 4/4
  1402 | D:3      | Reached skill level 8 in Slings
  1404 | D:3      | Reached XP level 5. HP: 35/35 MP: 5/5
  2140 | D:3      | Reached skill level 9 in Slings
  2140 | D:3      | Reached XP level 6. HP: 41/41 MP: 6/6
  2410 | D:4      | Found a staircase to the Ecumenical Temple.
  2780 | D:4      | Gained mutation: Scrolls take you a little longer to read.
                  | [potion of mutation]
  2827 | D:4      | Noticed a phantom
  2873 | D:4      | Killed a phantom
  2873 | D:4      | Reached skill level 10 in Slings
  2873 | D:4      | Reached XP level 7. HP: 38/46 MP: 7/7
  3000 | Temple   | Entered the Ecumenical Temple
  3100 | Temple   | Became a worshipper of Nemelex Xobeh the Trickster
  3139 | D:5      | Entered Level 5 of the Dungeon
  3142 | D:5      | Found Seb Zaji's Magic Scroll Shop.
  3158 | D:5      | Bought a scroll of enchant weapon for 90 gold pieces
  3158 | D:5      | Bought a scroll of magic mapping for 42 gold pieces
  3204 | D:5      | Reached skill level 11 in Slings
  3271 | D:5      | Found the +9 staff of Olgreb {rPois}
  3309 | D:5      | Found a runed translucent door.
  3315 | D:5      | Found a runed translucent gate.
  3315 | D:5      | Found a runed translucent gate.
  3315 | D:5      | Noticed a soldier ant
  3315 | D:5      | Noticed a soldier ant
  3316 | D:5      | Found a runed translucent door.
  3326 | D:5      | Found a runed translucent gate.
  3328 | D:5      | Noticed a water moccasin
  3328 | D:5      | Noticed a soldier ant
  3345 | D:5      | Received a gift from Nemelex Xobeh
  3386 | D:5      | Reached XP level 8. HP: 53/53 MP: 8/8
  3689 | D:5      | Reached * piety under Nemelex Xobeh
  3891 | D:5      | Reached skill level 12 in Slings
  4039 | D:6      | Noticed Edmund
  4057 | D:6      | Noticed Edmund
  4057 | D:6      | Edmund changed into Edmund the steam dragon
  4057 | D:6      | Killed Edmund the steam dragon
  4164 | D:6      | Found Ufog Nusch's General Store.
  4523 | D:6      | Reached skill level 13 in Slings
  4572 | D:6      | Found a shadowy altar of Dithmenos.
  4778 | D:6      | Reached XP level 9. HP: 59/59 MP: 9/9
  4865 | D:6      | Received a gift from Nemelex Xobeh
  5091 | D:7      | Reached ** piety under Nemelex Xobeh
  5119 | D:7      | Noticed a four-headed hydra
  5127 | D:7      | Reached skill level 5 in Fighting
  5143 | D:7      | Slain by a four-headed hydra

Levels and vault maps discovered:
D:1:      saegor_arrival_under_anarchy, layout_basic
D:2:      layout_rooms
D:3:      layout_loops_corners
D:4:      layout_rooms, minmay_temple_entry_grid, first_ration
D:5:      layout_gridville, serial_shops, nicolae_shop_waterfront,
          minmay_guarded_unrand_staff_of_olgreb
D:6:      layout_loops_corners, grunt_dithmenos_shadows, gup_sewer_entry_glass,
          serial_shops, kennysheep_mini_moat, uniq_edmund
D:7:      kennysheep_big_flooded_room, layout_cave_pools, cheibriados_altar_1,
          uniq_pikel, uniq_duvessa, uniq_joseph
Temple:   regret_index_temple_sigil_plot

Skill      XL: |  1  2  3  4  5  6  7  8  9 |
---------------+----------------------------+-----
Slings         | 6 7 8 9 10 11 13 | 13.6
Fighting       | 2 3 4 5 |  5.0
Dodging        | 3 |  3.0
Long Blades    | |  0.8
Armour         | |  0.8
Stealth        | |  1.1

Action                   |  1- 3 |  4- 6 |  7- 9 || total
-------------------------+-------+-------+-------++-------
Melee: Long sword        |       |    21 |       ||    21
 Fire: Hunting sling     |    80 |   191 |   127 ||   398
 Abil: Draw Destruction  |       |       |     9 ||     9
       Draw Summoning    |       |       |     4 ||     4
       Draw Escape       |       |       |     3 ||     3
  Use: Scroll            |     7 |     2 |     2 ||    11
       Potion            |     1 |     4 |     2 ||     7
 Stab: Sleeping          |       |     1 |       ||     1
  Eat: Chunk             |       |     3 |     1 ||     4
       Ration            |       |     1 |     2 ||     3
Armor: Robe              |    13 |     9 |     2 ||    24
       Leather armour    |       |       |     3 ||     3
Dodge: Dodged            |    32 |    45 |    29 ||   106
       Rpst.: Long sword |       |     3 |       ||     3
